 Dungeon Crawl Stone Soup version 0.24.0-13-gcf9b319 (webtiles) character file.

Game seed: 10076827467002840715, levelgen mode: deterministic

1705 ricardofg the Magician (level 8, -1/61 HPs)
             Began as a Yellow Draconian Wizard on Nov 21, 2019.
             Was an Initiate of Vehumet.
             Slain by an orc warrior
             ... wielding a +0 war axe
              (10 damage)
             ... on level 7 of the Dungeon on Nov 22, 2019.
             The game lasted 00:20:33 (9441 turns).

ricardofg the Magician (Yellow Draconian Wizard)    Turns: 9441, Time: 00:20:33

Health: -1/61      AC:  7    Str: 10    XL:     8   Next: 73%
Magic:  14/18      EV: 12    Int: 20    God:    Vehumet [......]
Gold:   427        SH:  0    Dex: 10    Spells: 13/20 levels left

rFire    . . .     SeeInvis .   r - +1 dagger (venom)
rCold    . . .     Gourm    .   (no shield)
rNeg     . . .     Faith    .   (armour unavailable)
rPois    .         Spirit   .   a - +0 hat
rElec    .         Reflect  .   (no cloak)
rCorr    +         Harm     .   m - +0 pair of gloves
MR       .....                  (no boots)
Stlth    ++........             (no amulet)
HPRegen  0.20/turn              (no ring)
MPRegen  0.16/turn              (no ring)

@: very slightly contaminated
A: spit acid, unfitting armour, cold-blooded, acid resistance, AC +6
a: Breathe Acid, Renounce Religion


You were on level 7 of the Dungeon.
You worshipped Vehumet.
Vehumet was noncommittal.
You were not hungry.

You visited 2 branches of the dungeon, and saw 8 of its levels.

You collected 427 gold pieces.

Inventory:

Hand Weapons
 g - a +0 flail of protection
 o - a +0 short sword
 r - a +1 dagger of venom (weapon)
Missiles
 b - 25 poisoned darts (quivered)
 f - 3 curare-tipped darts
Armour
 a - a +0 hat (worn)
 m - a +0 pair of gloves (worn)
 A - a +0 shield
Jewellery
 y - a cursed amulet of inaccuracy {unknown}
Wands
 h - a wand of paralysis (4)
 j - a wand of enslavement (9)
 w - a wand of polymorph (8)
Scrolls
 i - 4 scrolls of blinking {unknown}
 l - 5 scrolls of enchant armour {unknown}
 n - 4 scrolls of amnesia {unknown}
 q - 9 scrolls of identify
 s - 3 scrolls of teleportation {unknown}
 u - a scroll of immolation {unknown}
 v - a scroll of magic mapping {unknown}
 z - 2 scrolls of fog {unknown}
Potions
 d - 2 potions of might {unknown}
 e - 4 potions of curing
 k - 3 potions of lignification {unknown}
 p - a potion of agility {unknown}
 t - a potion of mutation {unknown}
Comestibles
 c - 10 rations


   Skills:
 + Level 2.1 Fighting
 + Level 2.5 Dodging
 - Level 1.7 Stealth
 + Level 1.7 Shields
 + Level 6.9 Spellcasting
 + Level 6.8 Conjurations
   Level 1.0 Summonings
   Level 1.0 Translocations
 * Level 2.6 Fire Magic
 * Level 2.7 Air Magic


You had 13 spell levels left.
You knew the following spells:

 Your Spells              Type           Power        Failure   Level  Hunger
a - Magic Dart            Conj           ####         1%          1    None
b - Conjure Flame         Conj/Fire      ####....     4%          3    #......
c - Mephitic Cloud        Conj/Pois/Air  ###.....     8%          3    #......

Your spell library contained the following spells:

 Spells                   Type           Power        Failure   Level  Hunger
 Blink                    Tloc           N/A          10%         2    None
 Call Imp                 Summ           ##......     10%         2    None
 Slow                     Hex            #.......     14%         2    None


Dungeon Overview and Level Annotations

Branches:
Dungeon (7/15)             Temple (1/1) D:5

Altars:
Ashenzari
Dithmenos
Elyvilon
Gozag
Kikubaaqudgha
Nemelex Xobeh
Ru
Sif Muna
Trog
Vehumet
Wu Jian
Yredelemnul
Zin
The Shining One

Shops:
D:5 [


Innate Abilities, Weirdness & Mutations

You can spit globs of acid.
Your golden yellow scales are hard. (AC +6)
You cannot fit into any form of body armour.
You are cold-blooded and may be slowed by cold attacks.
You are resistant to acid. (rCorr)


Message History

The centaur is lightly wounded.
The centaur closely misses you. x2; The orc warrior misses you.
You hit the centaur but do no damage.
The centaur looks as sick as possible!
The centaur is moderately wounded.
The centaur misses you.
The orc warrior hits you with a +0 war axe!!
Casting: Mephitic Cloud (safe; 8% risk of failure)
Confirm with . or Enter, or press ? or * to list all spells.
Aiming: Magic Dart (safe; 1% risk of failure)
Press: ? - help, Shift-Dir - straight line, f/p - orc warrior
Aim: an orc warrior, wielding a +0 war axe and wearing a +0 plate armour (severely wounded, poisoned)
The magic dart hits the orc warrior but does no damage.
The orc warrior is severely wounded.
The centaur hits you but does no damage.
The centaur barely misses you.
The centaur wields a +0 shortbow.
The centaur shoots an arrow.
The arrow hits you!
* * * LOW HITPOINT WARNING * * *
The orc warrior hits you with a +0 war axe!
You die...

##...<.....c.
#...)...o..# . ##)# ..
#..# #...##.# #)#####
#......# #.# #..
#......###o# #.#
#........oc###.#
#.#.......@...##.#
####.#.....#####.##.#
#....#...#.# #.##.#
#........#.# #.##.#
#........#.# #....#
###.........## ##...#
#....###......# #.#.#
..###.........#####.#..#
#. #...........##..##...


You could see an orc warrior, a centaur and an orc wizard.

Vanquished Creatures
  Eustachio (D:4)
  A hungry ghost (D:4)
  A phantom (D:5)
  2 ogres
  2 centaurs
  2 bullfrogs
  2 scorpions
  A howler monkey (D:4)
  A crimson imp (D:7)
  2 centaur zombies (D:5)
  An orc priest (D:7)
  A gnoll shaman (D:6)
  2 hounds
  A bullfrog skeleton (D:5)
  4 iguanas
  6 worker ants
  A howler monkey zombie (D:5)
  7 adders
  8 gnolls
  A shadow imp (D:6)
  An adder zombie (D:5)
  A worm (D:4)
  7 dart slugs
  4 leopard geckos
  12 orcs
  6 bats
  8 giant cockroaches
  5 goblins
  8 hobgoblins
  3 jackals (D:3)
  5 quokkas
  A ball python (D:3)
  8 frilled lizards
  A jackal skeleton (D:4)
  3 kobolds
  4 rats
124 creatures vanquished.

Vanquished Creatures (collateral kills)
  2 orcs (D:7)
2 creatures vanquished.

Grand Total: 126 creatures vanquished

Notes
Turn   | Place    | Note
-------+----------+-------------------------------------------
     0 | D:1      | ricardofg the Draconian Wizard began the quest for the Orb.
     0 | D:1      | Reached XP level 1. HP: 14/14 MP: 4/4
   208 | D:1      | Reached XP level 2. HP: 16/20 MP: 0/6
  1007 | D:1      | Reached XP level 3. HP: 26/26 MP: 5/8
  1717 | D:2      | Found a shattered altar of Ashenzari.
  2264 | D:2      | Found a shimmering blue altar of Sif Muna.
  2558 | D:2      | Noticed an ice beast
  2780 | D:3      | Reached XP level 4. HP: 32/33 MP: 7/9
  2785 | D:3      | Learned a level 3 spell: Conjure Flame
  2789 | D:3      | Learned a level 3 spell: Mephitic Cloud
  3443 | D:3      | Reached XP level 5. HP: 35/38 MP: 8/11
  4378 | D:4      | Found a sacrificial altar of Ru.
  4396 | D:4      | Found a white marble altar of Elyvilon.
  4556 | D:4      | Reached XP level 6. HP: 33/45 MP: 6/13
  4805 | D:4      | Reached skill level 5 in Spellcasting
  4875 | D:4      | Noticed a hungry ghost
  4885 | D:4      | Killed a hungry ghost
  5018 | D:4      | Noticed Eustachio
  5029 | D:4      | Reached skill level 5 in Conjurations
  5182 | D:4      | Killed Eustachio
  5182 | D:4      | Your scales start taking on a golden yellow colour.
  5182 | D:4      | Reached XP level 7. HP: 39/50 MP: 11/15
  5182 | D:4      | Gained mutation: You are resistant to acid. (rCorr) [Yellow
                  | Draconian growth]
  5376 | D:5      | Entered Level 5 of the Dungeon
  5389 | D:5      | Found an ancient bone altar of Kikubaaqudgha.
  5803 | D:5      | Found a sparkling altar of Nemelex Xobeh.
  5935 | D:5      | Found a bloodstained altar of Trog.
  6387 | D:5      | Found Unuhohem's Antique Armour Boutique.
  6776 | D:5      | Found a staircase to the Ecumenical Temple.
  6785 | Temple   | Entered the Ecumenical Temple
  6869 | Temple   | Became a worshipper of Vehumet
  7042 | D:5      | Reached XP level 8. HP: 41/57 MP: 18/18
  7698 | D:5      | Reached skill level 1 in Fire Magic
  7698 | D:5      | Reached skill level 1 in Air Magic
  7930 | D:6      | Reached skill level 1 in Fighting
  8261 | D:6      | Reached skill level 1 in Shields
  8553 | D:6      | Found a shadowy altar of Dithmenos.
  9441 | D:7      | Slain by an orc warrior

Levels and vault maps discovered:
D:1:      wander_arrival_chamber, layout_basic
D:2:      layout_loops_ring, nicolae_ashenzari_panopticon,
          lemuel_blue_sif_altar, first_ration, minmay_misc_feat_encased,
          grunt_ministairs_13
D:3:      layout_loops_cross, serial_bayou_pond_c
D:4:      layout_loops_cross, grunt_temple_overflow_open, uniq_eustachio
D:5:      layout_basic, kennysheep_mini_moat, kiku_gazebo_garden_becter,
          minmay_temple_entry_glass, basic_altar, serial_shops, shop
D:6:      layout_basic, grunt_dithmenos_shadows
D:7:      layout_rooms, the_bakery
Temple:   minmay_temple_curvy_branch

Skill      XL: |  1  2  3  4  5  6  7  8 |
---------------+-------------------------+-----
Conjurations   | 2 3 4 5 6 |  6.8
Spellcasting   | 4 5 6 |  6.9
Dodging        | 2 |  2.5
Fire Magic     | 2 |  2.6
Air Magic      | 2 |  2.7
Fighting       | 2 |  2.1
Shields        | 1 |  1.7
Stealth        | |  1.7
Summonings     | |  1.0
Translocations | |  1.0

Action                   |  1- 3 |  4- 6 |  7- 9 || total
-------------------------+-------+-------+-------++-------
Melee: Unarmed           |    38 |       |       ||    38
       Tailslap          |     4 |    15 |    27 ||    46
       Dagger            |    34 |    48 |   239 ||   321
       Spear             |    30 |       |       ||    30
       Short sword       |     7 |     1 |       ||     8
       Flail             |       |    87 |       ||    87
Throw: Dart              |     1 |       |       ||     1
 Cast: Magic Dart        |    76 |    52 |    39 ||   167
       Mephitic Cloud    |       |     1 |     6 ||     7
       Conjure Flame     |       |       |     3 ||     3
  Use: Scroll            |     4 |       |       ||     4
 Stab: Sleeping          |     6 |     5 |     1 ||    12
       Confused          |       |     2 |     2 ||     4
  Eat: Chunk             |     6 |     7 |     9 ||    22
       Ration            |       |     1 |     1 ||     2
Armor: Skin              |    32 |    66 |    50 ||   148
Dodge: Dodged            |    75 |   107 |   160 ||   342
